 Dungeon Crawl Stone Soup version 0.31-b1-17-gcfd88c8481 (webtiles) character file.

Game seed: 3946241967978633308

182 drcatpants2 the Scratcher (level 5, 9/25 HPs)
             Began as a Felid Shapeshifter on Jan 15, 2024.
             Was an Initiate of Gozag.
             Quit the game on level 4 of the Dungeon.
             The game lasted 00:07:50 (2887 turns).

drcatpants2 the Scratcher (Felid Shapeshifter)      Turns: 2887, Time: 00:07:51

Health: 9/25       AC:  1    Str: 10    XL:     5   Next: 34%
Magic:  15/15      EV: 17    Int: 14    God:    Gozag
Gold:   581        SH:  0    Dex: 17    Spells: 4/4 levels left
                                        Lives:  0   Deaths: 2

rFire   . .          .
                       - Unarmed
rCold   . . .        (shield unavailable)
rNeg    . . .        (body armour unavailable)
rPois   .            (helmet unavailable)
rElec   .            (cloak unavailable)
rCorr   .            (gloves unavailable)
SInv    +            (boots unavailable)
Will    .....        (no amulet)
Stlth   ++           g - ring of magical power
HPRegen 0.24/turn    (no ring)
MPRegen 0.14/turn

%: no passive effects
@: beast-form
A: beast (slay +2), very small, claws 1, fangs 3, see invisible, shaggy fur 1,
stealthy paws, no weapons or thrown items, no armour, multi-lived
a: Begin Untransformation, Renounce Religion, Potion Petition, Call Merchant,
Bribe Branch


You were on level 4 of the Dungeon.
You worshipped Gozag.
Gozag was pleased with you.
You were a hulking beast.
You visited 1 branch of the dungeon, and saw 4 of its levels.

You collected 581 gold pieces.

Inventory:

Jewellery
 g - a ring of magical power (left paw)
Talismans
 b - a beast talisman
 c - a flux talisman
Scrolls
 e - 2 scrolls of teleportation
 f - a scroll of blinking {unknown}
 h - a scroll of noise {unknown}
 j - a scroll of amnesia {unknown}
Potions
 a - 2 potions of lignification
 d - a potion of invisibility
 i - a potion of heal wounds


   Skills:
 - Level 1.0 Fighting
 - Level 2.6 Dodging
 - Level 0.8 Stealth
 * Level 5.1 Unarmed Combat
 + Level 3.7 Shapeshifting


You had 4 spell levels left.
You didn't know any spells.
Your spell library contained the following spells:

 Spells                   Type           Power      Damage    Failure   Level
 Sublimation of Blood     Necr           0%         N/A       41%         2
 Petrify                  Alch/Erth      0%         N/A       96%         4
 Irradiate                Conj/Alch      0%         3d11      100%        5


Dungeon Overview and Level Annotations

Branches:
Dungeon (4/15)
 Temple: D:4-7

Altars:
Gozag
Ru
Vehumet

Shops:
D:2 :

Annotations:
D:3 2 transporters, rozman's ghost, amateur MfSh


Innate Abilities, Weirdness & Mutations

You are a hulking beast.
Your limbs bulge with bestial killing power. (Slay +2)
You have sharp claws.
You have razor-sharp teeth.
You have supernaturally acute eyesight. (SInv)
You are covered in fur. (AC +1)
Your paws help you pounce on unaware monsters.
You are incapable of wielding weapons or throwing items.
You cannot wear armour.
You gain extra lives every three experience levels.


Message History

Unknown command.
Found a radiant altar of Vehumet.
Found a stone staircase leading down.
Found a gilded ring.
g - a ring of magical power You feel your magic capacity increase.
g - a ring of magical power (left paw)
You now have 581 gold pieces (gained 7).
Magic restored.
Found a leather armour.
Found a stone staircase leading down.
An orc and an orc wizard come into view.
Unknown command.
The orc wizard shouts!
The orc shouts!
You hear a shout!
You start waiting.
An orc wizard is nearby!
A hound comes into view.
The hound barks!
You hear a shout!
The orc wizard gestures at you while chanting.
The magic dart hits you! The orc misses you.
You completely miss the orc.
The orc wizard gestures wildly while chanting.
The orc wizard flickers and vanishes for a moment.
The orc misses you.
You scratch the orc.
The orc is lightly wounded.
The orc hits you with a +0 club.
You scratch the orc but do no damage.
The orc is lightly wounded.
The orc wizard barely misses you. The orc misses you.
Unknown command.
You barely miss the orc.
The orc is lightly wounded.
The orc wizard points at you and mumbles some strange words.
The puff of flame misses you. The orc completely misses you.
Unknown command.
You closely miss the orc.
An orc comes into view. It is wielding a +0 club.
The orc wizard hits you with a +0 dagger.
The orc misses you. The hound completely misses you.
Unknown command.
Are you sure you want to abandon this character and quit the game? (Confirm with "yes".)

... ### ..o. .... .....
####### .... .[..
#.....# #.#. . #...
#.._..# ..
##...####...##### #.
#....o#....>....# #.
#....oh........## # #
##.##....h..##...### .
#.##...>.#..##..#..####
.......###.....##.##..#
#.....##......#.#...###
#......##.............#
##........#...#......##
#.......#..#..####..###
.........#........#.##


You could see a hound, an orc wizard (invisible) and 2 orcs.

Vanquished Creatures
  A howler monkey (D:4)
  A bombardier beetle (D:4)
  Robin (D:2)
  An adder (D:2)
  A dart slug (D:1)
  3 ribbon worms
  5 ball pythons
  10 endoplasms
  6 giant cockroaches
  16 goblins
  10 hobgoblins
  9 kobolds
  2 quokkas
  3 bats
  6 rats
75 creatures vanquished.

Notes
Turn   | Place    | Note
-------+----------+-------------------------------------------
     0 | D:1      | drcatpants2 the Felid Shapeshifter began the quest for the
                  | Orb.
     0 | D:1      | Reached XP level 1. HP: 10/10 MP: 2/2
   245 | D:1      | Reached XP level 2. HP: 14/14 MP: 3/3
   382 | D:1      | Noticed a glass eye
   384 | D:1      | Found a faded altar of an unknown god.
   386 | D:1      | Noticed a golden eye
   386 | D:1      | Noticed a great orb of eyes
   386 | D:1      | Noticed a great orb of eyes
   399 | D:1      | Prayed at the altar of an unknown god.
   399 | D:1      | Became a worshipper of Gozag Ym Sagoz the Greedy
   906 | D:1      | Reached XP level 3. HP: 18/18 MP: 4/4
  1042 | D:2      | Noticed Robin
  1049 | D:2      | Slain by a goblin
  1049 | D:2      | Lost a life (0 lives remaining)
  1050 | D:2      | Found Xumautap's Vocational Training.
  1058 | D:2      | Reached skill level 4 in Unarmed Combat
  1168 | D:2      | Found a radiant altar of Vehumet.
  1270 | D:2      | Killed Robin
  1271 | D:2      | Reached XP level 4. HP: 22/22 MP: 5/5
  1271 | D:2      | Gained a life (1 life remaining)
  2235 | D:3      | Found a transporter.
  2237 | D:3      | Noticed rozman's ghost (amateur MfSh)
  2248 | D:3      | Found a transporter.
  2458 | D:3      | Found a sacrificial altar of Ru.
  2641 | D:4      | Noticed a scorpion
  2641 | D:4      | Noticed a hornet
  2705 | D:4      | Reached XP level 5. HP: 25/25 MP: 6/6
  2709 | D:4      | Noticed a black bear
  2713 | D:4      | Reached skill level 5 in Unarmed Combat
  2771 | D:4      | Slain by a sleepcap
  2771 | D:4      | Lost a life (0 lives remaining)
  2794 | D:4      | Found a radiant altar of Vehumet.
  2887 | D:4      | Quit the game

Illustrated notes

Levels and vault maps discovered:
D:1:      shiori_arrival_oz, layout_basic,
          hellmonk_ecumenical_altar_watching_god, kennysheep_pointless_box,
          serial_bayou_crossing
D:2:      layout_basic, basic_altar, nicolae_shop_vocational, uniq_robin
D:3:      layout_loops_cross, nicolae_ru_path_of_blood,
          gammafunk_ghost_stat_death
D:4:      layout_cave_pools, mainiacjoe_overflow_alcove_1, nicolae_goblin_pals

Skill      XL: |  1  2  3  4  5 |
---------------+----------------+-----
Shapeshifting  | 3 |  3.7
Unarmed Combat | 4 5 |  5.1
Fighting       | |  1.0
Dodging        | |  2.6
Stealth        | |  0.8

Action                     |  1- 3 |  4- 6 || total
---------------------------+-------+-------++-------
  Melee: Unarmed           |   116 |    75 ||   191
         Bite              |    10 |     8 ||    18
         Punch             |     1 |     2 ||     3
    Use: Scroll            |       |     4 ||     4
   Stab: Sleeping          |     3 |     2 ||     5
 Armour: Skin              |    31 |    24 ||    55
  Dodge: Dodged            |    54 |    47 ||   101
